 Dungeon Crawl Stone Soup version 0.22.1-1-ga44c0e5 (webtiles) character file.

492 Anon1729 the Twirler (level 7, -1/84 HPs)
             Began as a Barachi Gladiator on Oct 24, 2018.
             Succumbed to a scorpion's poison
             ... on level 5 of the Dungeon.
             The game lasted 00:08:43 (3647 turns).

Anon1729 the Twirler (Barachi Gladiator)            Turns: 3647, Time: 00:08:44

Health: -1/84      AC:  7    Str: 21    XL:     7   Next: 14%
Magic:  7/7        EV: 14    Int:  9    God:
Gold:   121        SH:  0    Dex: 14    Spells: 6/6 levels left

rFire    . . .     SeeInvis .   a - +0 quarterstaff
rCold    . . .     Gourm    .   (shield currently unavailable)
rNeg     . . .     Faith    .   b - +0 leather armour
rPois    .         Spirit   .   w - +1 helmet
rElec    .         Reflect  .   (no cloak)
rCorr    .         Harm     .   (no gloves)
MR       .....                  y - +0 pair of boots
Stlth    ..........             (no amulet)
HPRegen  0.24/turn              (no ring)
MPRegen  0.10/turn              (no ring)

@: berserking, lethally poisoned (-1 -> -25), can't hop, very slightly
contaminated, very quick
A: +LOS, swims, slowness 1, strong legs 1
a: Hop


You were on level 5 of the Dungeon.
You were not hungry.

You visited 1 branch of the dungeon, and saw 5 of its levels.

You collected 121 gold pieces.

Inventory:

Hand Weapons
 a - a +0 quarterstaff (weapon)
 j - a +0 spear
Missiles
 d - 3 throwing nets (quivered)
Armour
 b - a +0 leather armour (worn)
 t - a +0 ring mail
 w - a +1 helmet (worn)
 y - a +0 pair of boots (worn)
Wands
 x - a wand of iceblast (2)
Scrolls
 c - a scroll of random uselessness {unknown}
 e - a scroll of enchant armour {unknown}
 g - 3 scrolls of remove curse {unknown}
 h - 2 scrolls of identify {unknown}
 i - a scroll of amnesia {unknown}
 k - a scroll of enchant weapon {unknown}
 n - a scroll of blinking {unknown}
 o - 3 scrolls of immolation {unknown}
 s - a scroll of noise {unknown}
Potions
 m - a potion of magic {unknown}
 p - a potion of haste {unknown}
 q - a potion of invisibility
 u - a potion of mutation {unknown}
 v - a potion of cancellation {unknown}
Comestibles
 f - 8 rations
 z - 6 chunks of flesh


   Skills:
 + Level 5.3 Fighting
 + Level 5.4 Staves
 - Level 2.0 Throwing
 + Level 4.5 Armour
 - Level 4.0 Dodging


You had 6 spell levels left.
You didn't know any spells.
Your spell library was empty.

Dungeon Overview and Level Annotations

Branches:
Dungeon (5/15)
 Temple: D:4-7

Altars:
Nemelex Xobeh
Okawaru
Vehumet


Innate Abilities, Weirdness & Mutations

Shadows flee at your approach. (+LOS)
You can swim through water.
You cover ground slowly.
You can hop short distances.


Message History

You feel yourself moving faster!
You feel mighty!
You feel sick. The scorpion stings you.
* * * LOW HITPOINT WARNING * * *
You are lethally poisoned!
The scorpion poisons you!
You thump the scorpion!
The scorpion is heavily wounded.
* * * LOW HITPOINT WARNING * * *
You feel sick. The scorpion stings you.
* * * LOW HITPOINT WARNING * * *
You barely miss the scorpion.
The scorpion is heavily wounded.
* * * LOW HITPOINT WARNING * * *
You feel sick. The scorpion stings you.
* * * LOW HITPOINT WARNING * * *
You are more poisoned.
The scorpion poisons you!
You sock the scorpion!
The scorpion is almost dead.
You die...

.. .. # . .# # ####
.### ###.#.# ....###
#.. ....#.# ##.....#
#.####.##..# ...#
#.####.#......# ##.#
#........##s.#.#
##.###O####.####@#..#
##.(...##.......## .#
##O######.###### #
##)# #. .O.# . ####
.. # #. # #. ##


You could see a scorpion.

Vanquished Creatures
  A centaur (D:5)
  A howler monkey (D:4)
  A hound (D:2)
  2 orc priests (D:3)
  A worker ant (D:4)
  10 adders
  4 gnolls
  3 oozes
  An adder zombie (D:5)
  6 worms
  2 dart slugs (D:1)
  4 leopard geckos
  6 orcs (D:3)
  9 bats
  6 giant cockroaches
  10 goblins
  8 hobgoblins
  5 jackals
  6 kobolds
  4 quokkas
  7 frilled lizards
  A quokka skeleton (D:4)
  5 rats
103 creatures vanquished.

Notes
Turn   | Place    | Note
-------+----------+-------------------------------------------
     0 | D:1      | Anon1729 the Barachi Gladiator began the quest for the Orb.
     0 | D:1      | Reached XP level 1. HP: 17/17 MP: 1/1
   239 | D:1      | Reached XP level 2. HP: 23/23 MP: 2/2
   267 | D:1      | Reached skill level 1 in Armour
   586 | D:1      | Reached XP level 3. HP: 24/28 MP: 3/3
  1092 | D:2      | Reached XP level 4. HP: 30/35 MP: 4/4
  1418 | D:2      | Found a radiant altar of Vehumet.
  1505 | D:2      | Reached XP level 5. HP: 27/42 MP: 5/5
  2567 | D:3      | Reached XP level 6. HP: 36/49 MP: 6/6
  2771 | D:3      | Found a sparkling altar of Nemelex Xobeh.
  3023 | D:3      | Reached skill level 5 in Staves
  3376 | D:3      | Found an iron altar of Okawaru.
  3447 | D:4      | Reached skill level 5 in Fighting
  3585 | D:5      | Entered Level 5 of the Dungeon
  3624 | D:5      | Reached XP level 7. HP: 12/56 MP: 7/7
  3645 | D:5      | HP: 4/84 [scorpion (5)]
  3646 | D:5      | HP: 1/84 [scorpion (2)]
  3647 | D:5      | Succumbed to a scorpion's poison

Skill      XL: |  1  2  3  4  5  6 |
---------------+-------------------+-----
Armour         | 1 2 3 4 |  4.5
Fighting       | 3 4 5 |  5.3
Staves         | 4 5 |  5.4
Dodging        | 4 |  4.0
Throwing       | |  2.0

Action                   |  1- 3 |  4- 6 |  7- 9 || total
-------------------------+-------+-------+-------++-------
Melee: Quarterstaff      |    94 |   270 |     5 ||   369
 Abil: Hop               |       |     4 |     1 ||     5
Evoke: Wand              |       |     2 |     1 ||     3
  Use: Potion            |       |     3 |     1 ||     4
 Stab: Sleeping          |       |     2 |       ||     2
       Invisible         |       |     1 |       ||     1
  Eat: Chunk             |     1 |     9 |       ||    10
Armor: Leather armour    |    33 |   109 |     1 ||   143
Dodge: Dodged            |    71 |   266 |       ||   337
